 Dungeon Crawl Stone Soup version 0.31-a0-819-gf6de2f5ab6 (webtiles) character file.

Game seed: 1376751501705068714

131 Kurtz the Chopper (level 5, -16/36 HPs)
             Began as an Octopode Fighter on Sept 23, 2023.
             Killed from afar by Dowan (17 damage)
             ... with a shard of ice
             ... on level 4 of the Dungeon.
             The game lasted 00:01:59 (2483 turns).

Kurtz the Chopper (Octopode Fighter)                Turns: 2483, Time: 00:01:59

Health: -16/36     AC:  1    Str: 15    XL:     5   Next: 14%
Magic:  0/5        EV: 13    Int: 10    God:
Gold:   124        SH:  5    Dex: 14    Spells: 4/4 levels left

rFire   . . .        r - +1 hand axe (heavy)
rCold   . . .        b - +0 buckler
rNeg    . . .        (helmet restricted)
rPois   .            j - amulet of guardian spirit
rElec   .            (no ring)
rCorr   .            (no ring)
SInv    .            (no ring)
Will    .....        (no ring)
Stlth   +++          (no ring)
HPRegen 0.26/turn    (no ring)
MPRegen 0.09/turn    (no ring)
                     (no ring)

%: guardian spirit
@: mighty
A: almost no armour, amphibious, 8 rings, camouflage 1, gelatinous body 1,
(nimble swimmer 1), tentacles
a: no special abilities


You were on level 4 of the Dungeon.
You visited 1 branch of the dungeon, and saw 4 of its levels.

You collected 124 gold pieces.

Inventory:

Hand Weapons
 a - a +0 war axe
 r - a +1 heavy hand axe (weapon)
Missiles
 m - 5 poisoned darts (quivered)
Armour
 b - a +0 buckler (worn)
Jewellery
 e - a ring of ice
 j - an amulet of guardian spirit (around mantle)
Scrolls
 d - a scroll of immolation {unknown}
 f - 8 scrolls of identify {unknown}
 i - a scroll of vulnerability {unknown}
Potions
 c - a potion of might
 g - a potion of heal wounds {unknown}
 h - a potion of magic {unknown}
 k - 3 potions of curing {unknown}
 l - 2 potions of brilliance {unknown}
 n - a potion of berserk rage {unknown}
 o - a potion of lignification {unknown}
 p - a potion of cancellation {unknown}
 q - a potion of haste {unknown}


   Skills:
 * Level 3.0 Fighting
 * Level 5.0 Axes
 - Level 3.0 Dodging
 * Level 0.9 Stealth
 - Level 3.0 Shields


You had 4 spell levels left.
You didn't know any spells.
Your spell library contained the following spells:

 Spells                   Type           Power      Damage    Failure   Level
 Cigotuvi's Dreadful Rot  Necr/Pois/Air  0%         N/A       58%         2
 Ignite Poison            Fire/Tmut/Pois 0%         N/A       83%         3
 Sticky Flame             Conj/Fire      0%         2d3       99%         4
 Freezing Cloud           Conj/Ice/Air   0%         6-21      100%        5
 Ignition                 Fire           0%         3d3       100%        8


Dungeon Overview and Level Annotations

Branches:
Dungeon (4/15)
 Temple: D:4-7

Altars:
Fedhas
Qazlal
Yredelemnul

Annotations:
D:3 1 runed translucent door, Crazy Yiuf
D:4 Dowan


Innate Abilities, Weirdness & Mutations

You cannot wear most types of armour.
You are amphibious.
You can wear up to eight rings at the same time.
Your skin changes colour to match your surroundings (Stealth+).
Your rubbery body absorbs attacks. (AC +1, EV +1)
((You are camouflaged when in or above water. (Stealth+)))
You have tentacles for arms and can constrict up to eight enemies at once.


Message History

Duvessa is heavily wounded.
You constrict Duvessa, but do no damage.
Duvessa hits you with a +0 short sword.
Duvessa struggles to escape constriction.
You hit Duvessa.
Duvessa is severely wounded.
You constrict Duvessa, but do no damage.
Duvessa struggles to escape constriction.
Duvessa escapes!
You hit Duvessa but do no damage. You grab Duvessa. You squeeze Duvessa.
Duvessa is severely wounded.
You constrict Duvessa. Duvessa hits you with a +0 short sword.
Dowan misses you.
Unknown command.
You hit Duvessa.
Duvessa is almost dead.
You hit Dowan. You constrict Duvessa. Duvessa hits you with a +0 short sword!
Dowan hits you with a +0 dagger. Duvessa barely misses you.
You hit Dowan. Your grab misses Dowan. Your squeeze misses Dowan.
Dowan is moderately wounded.
You barely miss Duvessa.
You constrict Duvessa, but do no damage.
Dowan misses you. Duvessa hits you with a +0 short sword.
You block Dowan's attack. Duvessa barely misses you.
Unknown command.
You feel very mighty all of a sudden.
You constrict Duvessa. Dowan hits you with a +0 dagger.
Duvessa hits you with a +0 short sword!
* * * LOW HITPOINT WARNING * * *
Unknown command.
You slash Dowan! Your grab misses Dowan.
Dowan is severely wounded.
You hit Duvessa.
You kill Duvessa!
Dowan's eyes darken. "You have made a grave mistake."
Dowan seems to find hidden reserves of power!
Dowan barely misses you. Dowan gestures at you while chanting.
The shard of ice hits you!
You die...

.. #.#.....#.# .
#.#e.##.#.#
#.#..#..#.#
#.###....#.##.#
##...........[.#
..###...#.#.#..#
...#.###....#..#
#....e###....# .
#....)@#(#####
...#.....#.....##
###
#......#......#
..###.....#.....##
..#.###.#......#
#.....###.....#
#......#.###.##
...#..<..#.....##
#......#......#


You could see Dowan (fast).

Vanquished Creatures
  Duvessa (D:4)
  An orc wizard (D:4)
  2 adders
  2 dart slugs
  9 orcs
  10 endoplasms
  3 giant cockroaches
  3 goblins
  9 hobgoblins
  4 jackals (D:1)
  5 kobolds
  3 quokkas
  7 ball pythons
  4 bats
  4 frilled lizards
  5 rats
72 creatures vanquished.

Notes
Turn   | Place    | Note
-------+----------+-------------------------------------------
     0 | D:1      | Kurtz the Octopode Fighter began the quest for the Orb.
     0 | D:1      | Reached XP level 1. HP: 16/16 MP: 1/1
    38 | D:1      | Reached XP level 2. HP: 6/21 MP: 2/2
   287 | D:1      | Reached skill level 3 in Axes
   471 | D:1      | Found a faded altar of an unknown god.
   569 | D:1      | Reached XP level 3. HP: 26/26 MP: 3/3
  1101 | D:2      | Reached skill level 4 in Axes
  1181 | D:2      | Reached XP level 4. HP: 31/31 MP: 4/4
  2195 | D:3      | Found a runed translucent door.
  2196 | D:3      | Noticed Crazy Yiuf
  2419 | D:4      | Reached skill level 5 in Axes
  2419 | D:4      | Reached XP level 5. HP: 35/36 MP: 5/5
  2459 | D:4      | Found a stormy altar of Qazlal.
  2459 | D:4      | Noticed Duvessa
  2460 | D:4      | Noticed Dowan
  2461 | D:4      | Found a basalt altar of Yredelemnul.
  2461 | D:4      | Found a blossoming altar of Fedhas.
  2482 | D:4      | HP: 1/36 [Duvessa/+0 short sword (11)]
  2483 | D:4      | Killed Duvessa
  2483 | D:4      | Killed from afar by Dowan

Illustrated notes

Levels and vault maps discovered:
D:1:      dpeg_arrival_arbitrary_b, layout_basic, serial_glass, glass_columns_a,
          glass_columns_b, minmay_strange_pillars, minmay_strange_pillars,
          item_on_display_a, due_unseen_surprise,
          hellmonk_ecumenical_altar_zigzags
D:2:      layout_loops_ring
D:3:      layout_rooms, grunt_decor_cap, uniq_crazy_yiuf_cottage
D:4:      nicolae_BIG_FREAKIN_CUBE, layout_basic, grunt_temple_overflow_open,
          mainiacjoe_overflow_cross_hatched, grunt_dithmenos_smoke,
          serial_shops, nicolae_shop_hallway_stairs, uniq_grinder, uniq_sigmund,
          uniq_duvessa

Skill      XL: |  1  2  3  4 |
---------------+-------------+-----
Axes           | 3 4 5 |  5.0
Fighting       | |  3.0
Dodging        | |  3.0
Stealth        | |  0.9
Shields        | |  3.0

Action                     |  1- 3 |  4- 6 || total
---------------------------+-------+-------++-------
  Melee: War axe           |    74 |    48 ||   122
         Constrict         |    15 |    11 ||    26
         Tentacles         |    12 |    11 ||    23
         Hand axe          |       |     7 ||     7
    Use: Potion            |       |     1 ||     1
   Stab: Sleeping          |     6 |     2 ||     8
 Armour: Skin              |    26 |    34 ||    60
  Dodge: Dodged            |    54 |    27 ||    81
  Block: Buckler           |    14 |    10 ||    24

Table legend: (Time is in decaauts)
 A = Elapsed time spent in this place.
 B = Non-inter-level travel time spent in this place.
 C = Inter-level travel time spent in this place.
 D = Time resting spent in this place.
 E = Time spent auto-exploring this place.
 F = Levels seen in this place.
 G = Mean time per level.
                   A        B        C        D        E       F      G
               +--------+--------+--------+--------+--------+-----+--------+
         Total |   2533 |   2454 |     79 |    338 |   1593 |   4 |  633.2 |
       Dungeon |   2533 |   2454 |     79 |    338 |   1593 |   4 |  633.2 |
               +--------+--------+--------+--------+--------+-----+--------+

Top non-repeatable levels by time:
     D:1: 1000 daAuts
     D:2: 724 daAuts
     D:3: 722 daAuts
     D:4: 86 daAuts
